 Dungeon Crawl Stone Soup version 0.19.0-24-gb05acd6 (webtiles) character file.

170 Millan the Shield-Bearer (level 5, -3/43 HPs)
             Began as a Formicid Fighter on Nov 21, 2016.
             Was an Initiate of Cheibriados.
             Killed from afar by an orc wizard (11 damage)
             ... with a puff of flame
             ... on level 4 of the Dungeon.
             The game lasted 00:05:11 (2410 turns).

Millan the Shield-Bearer (Formicid Fighter)         Turns: 2410, Time: 00:05:13

Health: -3/43      AC:  8    Str: 22    XL:     5   Next: 80%
Magic:  5/5        EV:  8    Int:  9    God:    Cheibriados [......]
Gold:   182        SH:  0    Dex: 11    Spells: 0 memorised, 4 levels left

rFire  . . .     SeeInvis +     a - +0 trident
rCold  . . .     Gourm    .     b - +0 scale mail
rNeg   . . .     Faith    .     c - +0 shield
rPois  .         Spirit   .     (helmet unavailable)
rElec  .         Reflect  .     (no cloak)
rCorr  .         Harm     .     q - +0 pair of gloves
MR     .....                    (no boots)
Stlth  ..........               (no amulet)
                                (no ring)
                                (no ring)

@: confused, slow
A: permanent stasis, dig shafts and tunnels, four strong arms, antennae 3
a: Dig, Shaft Self, Bend Time, Renounce Religion


You were on level 4 of the Dungeon.
You worshipped Cheibriados.
Cheibriados was noncommittal.
You were not hungry.

You visited 2 branches of the dungeon, and saw 5 of its levels.

You collected 182 gold pieces.

Inventory:

Hand Weapons
 a - a +0 trident (weapon)
Armour
 b - a +0 scale mail (worn)
 c - a +0 shield (worn)
 q - a +0 pair of gloves (worn)
Scrolls
 e - 2 scrolls of enchant weapon {unknown}
 g - a scroll of fog {unknown}
 h - a scroll of recharging {unknown}
 i - 2 scrolls of blinking {unknown}
 j - 4 scrolls of identify {unknown}
 p - a scroll of noise {unknown}
 s - 2 scrolls of teleportation {unknown}
 u - a scroll of remove curse {unknown}
 w - a scroll of random uselessness {unknown}
Potions
 d - a potion of might
 k - a potion of flight {unknown}
 l - 2 potions of curing {unknown}
 m - a potion of brilliance {unknown}
 n - 2 potions of degeneration {unknown}
 o - a potion of beneficial mutation {unknown}
Books
 r - a book of Death

   Spells                             Type                      Level
   a - Corpse Rot                     Necromancy                   2
   b - Sublimation of Blood           Necromancy                   2
   c - Agony                          Necromancy                   5
   d - Dispel Undead                  Necromancy                   5
   e - Excruciating Wounds            Charms/Necromancy            5
   f - Bolt of Draining               Conjuration/Necromancy       5
Comestibles
 f - a bread ration
 t - a slice of pizza


   Skills:
 + Level 4.3 Fighting
 + Level 2.8 Polearms
 + Level 4.3 Armour
 * Level 5.1 Shields


You had 4 spell levels left.
You didn't know any spells.

Dungeon Overview and Level Annotations

Branches:
Dungeon (4/15)             Temple (1/1) D:4

Altars:
Cheibriados
Dithmenos
Fedhas
Hepliaklqana
Okawaru
Qazlal
Sif Muna
Trog
Uskayaw
Xom
Yredelemnul
Zin
The Shining One
Lugonu


Innate Abilities, Weirdness & Mutations

You are under a permanent stasis effect.
You can dig through walls and to a lower floor.
Your four strong arms can wield two-handed weapons with a shield.
You have a pair of large antennae on your head. (SInv)


Message History

Attack whom?
Press: ? - help, Dir - move target cursor, f/p - orc wizard
Aim: an orc wizard, wielding a dagger and wearing a robe (heavily wounded, slightly transparent)
You reach to attack!
You puncture the orc wizard!
The orc wizard is almost dead.
Attack whom?
Press: ? - help, Dir - move target cursor, f/p - orc wizard
Aim: an orc wizard, wielding a dagger and wearing a robe (almost dead, slightly transparent)
You reach to attack!
You barely miss the orc wizard.
The orc wizard is almost dead.
The orc wizard points at you and mumbles some strange words.
You are confused.
You're too confused!
Unknown command.
Unknown command.
You're too confused!
You bump into the rock wall.
The orc wizard points at you and mumbles some strange words.
The puff of flame hits you!
You die...

###### ##....# #..##.## #.##...##
#.#.._..# #########.#.8.8.#
######## #.........###'###
#....... #.........##.@)#
#....... #.........##...#
#.<..... ##+##...##...##≈§≈#
###'###. ...##...##...##.o.#
#.....#
.........#...#############.....##
.........#.......##......#.......
.........#...............#.......
.#.).....#...............#.......
........##)..............#.......


You could see an orc wizard (invisible).

Vanquished Creatures
  An orc wizard (D:4)
  A worker ant (D:4)
  A gnoll (D:3)
  3 adders
  An ooze (D:1)
  A worm (D:2)
  2 dart slugs
  6 leopard geckos
  2 ball pythons
  8 bats
  3 giant cockroaches
  7 goblins
  4 hobgoblins
  5 jackals
  2 quokkas (D:3)
  2 frilled lizards
  A jackal skeleton (D:4)
  8 kobolds
  3 rats
61 creatures vanquished.

Notes
Turn   | Place    | Note
-------+----------+-------------------------------------------
     0 | D:1      | Millan the Formicid Fighter began the quest for the Orb.
     0 | D:1      | Reached XP level 1. HP: 18/18 MP: 1/1
    47 | D:1      | Reached XP level 2. HP: 24/24 MP: 2/2
   220 | D:1      | Reached skill level 4 in Shields
   333 | D:1      | Reached XP level 3. HP: 29/29 MP: 3/3
   893 | D:2      | Found a hide-covered altar of Uskayaw.
   896 | D:2      | Reached XP level 4. HP: 35/37 MP: 4/4
  1264 | D:2      | Found a glowing silver altar of Zin.
  1508 | D:3      | Reached XP level 5. HP: 42/42 MP: 5/5
  1522 | D:3      | Found a shimmering altar of Xom.
  1967 | D:4      | Found a staircase to the Ecumenical Temple.
  1976 | Temple   | Entered the Ecumenical Temple
  2073 | Temple   | Became a worshipper of Cheibriados the Contemplative
  2377 | D:4      | Found a deep blue altar of Sif Muna.
  2397 | D:4      | Reached skill level 5 in Shields
  2410 | D:4      | Killed from afar by an orc wizard

Skill      XL: |  1  2  3  4  5 |
---------------+----------------+-----
Shields        | 4 5 |  5.1
Fighting       | 4 |  4.3
Armour         | 4 |  4.3
Polearms       | |  2.8

Action                   |  1- 3 |  4- 6 || total
-------------------------+-------+-------++-------
Melee: Trident           |   109 |   100 ||   209
       Spear             |       |    46 ||    46
  Eat: Chunk             |       |     2 ||     2
       Bread ration      |       |     1 ||     1
Armor: Scale mail        |    42 |    45 ||    87
Dodge: Dodged            |    27 |    39 ||    66
Block: Shield            |    52 |    62 ||   114
